Map: Hardwire LE

Players

RagnaroK (SHIN)

  • Race: Zerg Zerg
  • League: Master

Trap - Winner!

  • Race: Protoss Protoss

Event: TSL 8

VOD

Have the link to the VOD?

Description

Time

  • Played on: Dec. 11, 2021, 10:06 a.m.
  • Length: 9:09

All games in this series

Show
View Real Time Build Order
Export as new Build Order

RagnaroK Zerg 

Build Orders: Hatch First 

Get SALT Encoding   

  12  0:00  Drone  
  13  0:12  Overlord  
  13  0:17  Drone  
  14  0:31  Drone x2  
  14  0:34  Drone  
  17  0:51  Hatchery  
  17  0:54  Drone  
  17  0:57  Drone  
  18  1:10  Extractor  
  17  1:12  Spawning Pool  
  17  1:16  Drone  
  17  1:19  Drone  
  18  1:27  Drone  
  19  1:38  Drone  
  20  1:51  Drone  
  21  2:00  Zergling x2  
  22  2:03  Queen x2  
  22  2:04  Zergling x2  
  27  2:11  Overlord  
  27  2:14  Drone  
  28  2:19  Metabolic Boost  
  28  2:30  Drone x2  
  28  2:32  Drone  
  31  2:39  Hatchery  
  31  2:41  Drone  
  31  2:43  Drone  
  32  2:49  Queen  
  34  2:54  Overlord  
  34  2:58  Drone  
  35  2:59  Drone  
  36  3:09  Overlord  
  36  3:14  Drone x4  
  36  3:16  Drone  
  36  3:19  Queen  
  43  3:21  Drone  
  44  3:27  Drone  
  44  3:28  Drone  
  44  3:30  Queen  
  48  3:37  Overlord  
  48  3:40  Drone  
  48  3:41  Spore Crawler  
  48  3:50  Drone x4  
  54  3:58  Zergling x10  
  54  4:01  Roach Warren  
  56  4:03  Zergling x4  
  58  4:10  Zergling x2  
  58  4:12  Overlord  
  58  4:14  Zergling x2  
  58  4:15  Spore Crawler x2  
  58  4:19  Overlord  
  58  4:25  Drone, Zergling x6  
  58  4:30  Zergling x4  
  64  4:36  Spine Crawler  
  64  4:42  Roach x7  
  78  4:48  Overlord x2  
  76  4:52  Overlord  
  76  4:54  Overlord  
  76  5:07  Zergling x6, Roach  
  76  5:12  Roach  
  74  5:17  Roach x2  
  74  5:19  Roach  
  74  5:20  Zergling x4  
  67  5:23  Zergling x4  
  67  5:28  Zergling x2  
  64  5:31  Zergling x2  
  64  5:32  Zergling x4  
  64  5:33  Drone  
  61  5:36  Drone  
  61  5:38  Drone  
  63  5:51  Drone x2  
  63  5:52  Drone x2  
  63  5:54  Drone x2  
  70  5:57  Drone  
  70  6:00  Drone x3  
  73  6:05  Drone x2  
  75  6:14  Drone x2  
  75  6:16  Extractor, Overlord  
  76  6:20  Drone  
  79  6:25  Roach  
  79  6:26  Roach  
  79  6:28  Overlord  
  79  6:29  Zergling x4  
  83  6:34  Zergling x6, Roach  
  83  6:37  Drone  
  86  6:41  Drone x4  
  86  6:45  Drone  
  87  6:49  Drone  
  87  6:53  Drone  
  87  6:54  Drone  
  90  6:57  Drone x3  
  92  7:01  Drone  
  92  7:03  Drone  
  92  7:04  Lair  
  92  7:06  Drone  
  92  7:08  Extractor  
  94  7:09  Drone x3  
  97  7:16  Drone x2  
  97  7:19  Overlord  
  99  7:24  Roach  
  99  7:25  Roach x3  
  99  7:28  Drone  
  99  7:29  Drone x2, Extractor  
  108  7:33  Roach x2  
  108  7:34  Zergling x2  
  113  7:39  Overlord  
  113  7:40  Zergling x4, Roach  
  113  7:41  Ravager  
  118  7:47  Roach  
  118  7:48  Roach  
  115  7:51  Roach  
  115  7:55  Roach  
  115  7:58  Drone x5  
  100  7:59  Drone x2  
  100  8:05  Roach  
  95  8:10  Zergling x8  
  89  8:13  Zergling x2  
  89  8:16  Roach  
  77  8:20  Roach  
  77  8:25  Zergling x8  
  77  8:26  Zergling x6  
Show
View Real Time Build Order
Export as new Build Order

Trap Protoss - Winner!

Build Orders: 1 Gate Expand, Mass Adepts 

Get SALT Encoding   

  12  0:00  Probe  
  13  0:14  Pylon  
  13  0:17  Probe (Chrono Boost)  
  14  0:27  Probe (Chrono Boost)  
  15  0:32  Probe (Chrono Boost)  
  16  0:40  Gateway  
  16  0:43  Probe  
  17  0:50  Assimilator  
  17  0:55  Probe  
  18  1:08  Probe  
  19  1:20  Probe  
  20  1:26  Nexus  
  20  1:35  Cybernetics Core  
  20  1:38  Probe  
  21  1:44  Assimilator  
  21  1:50  Probe  
  21  1:53  Pylon  
  22  2:01  Probe  
  23  2:09  Stalker (Chrono Boost), Probe  
  23  2:11  Warp Gate  
  26  2:18  Probe  
  27  2:23  Twilight Council  
  27  2:29  Probe (Chrono Boost)  
  27  2:32  Adept  
  30  2:38  Probe (Chrono Boost)  
  32  2:46  Probe (Chrono Boost)  
  32  2:47  Probe (Chrono Boost)  
  33  2:52  Robotics Facility, Probe (Chrono Boost)  
  33  2:55  Probe  
  35  3:03  Gateway  
  35  3:05  Probe  
  36  3:06  Resonating Glaives (Chrono Boost)  
  36  3:07  Probe  
  37  3:17  Probe  
  37  3:18  Adept  
  37  3:19  Probe  
  41  3:31  Gateway  
  41  3:33  Gateway  
  41  3:36  Warp Prism (Chrono Boost), Probe  
  44  3:45  Pylon  
  44  3:54  Gateway  
  44  3:57  Gateway  
  44  4:00  Pylon  
  44  4:04  Adept x2  
  44  4:06  Observer  
  49  4:11  Pylon  
  49  4:12  Assimilator  
  49  4:16  Probe x2  
  51  4:26  Adept x2  
  51  4:27  Adept x2  
  59  4:32  Pylon  
  59  4:52  Adept x6  
  71  4:56  Pylon  
  71  4:58  Pylon  
  69  5:17  Adept x2  
  69  5:18  Adept x4  
  73  5:28  Immortal  
  63  5:43  Probe x2  
  63  5:55  Adept x4  
  67  6:01  Adept  
  67  6:03  Adept  
  71  6:04  Probe x2  
  71  6:08  Immortal (Chrono Boost)  
  77  6:21  Nexus  
  75  6:44  Immortal (Chrono Boost), Probe x2  
  77  6:50  Adept x6  
  89  6:55  Pylon  
  89  6:58  Probe x2  
  91  7:03  Pylon  
  91  7:05  Pylon  
  91  7:13  Immortal (Chrono Boost)  
  95  7:32  Adept  
  95  7:33  Adept x5  
  107  7:38  Forge  
  107  7:44  Probe x3  
  106  7:57  Probe x3  
  99  8:06  Adept x5  
  99  8:07  Adept  
  95  8:22  Probe x3  
  95  8:26  Adept x3  
  95  8:27  Adept x3  
Tags
 
Add a new tag
Caveats
  • Supply blocks, unpowered buildings, or Contaminate may cause inaccurate times.
  • Supply counts are checked every 10 seconds.